 Dungeon Crawl Stone Soup version 0.30-a0-726-gd89dcf765f (webtiles) character file.

Game seed: 828897225308852652

295 demibob the Cleaver (level 6, 51/51 HPs)
             Began as a Hill Orc Fighter on Jan 30, 2023.
             Was a High Priest of Ignis.
             Quit the game on level 3 of the Dungeon.
             The game lasted 00:02:19 (1794 turns).

demibob the Cleaver (Hill Orc Fighter)              Turns: 1794, Time: 00:02:20

Health: 51/51      AC: 10    Str: 21    XL:     6   Next: 34%
Magic:  6/6        EV:  9    Int:  8    God:    Ignis [*****.]
Gold:   99         SH:  0    Dex: 10    Spells: 5/5 levels left

rFire   + . .      SeeInvis .    a - +0 war axe
rCold   . . .      Faith    .    (no shield)
rNeg    . . .      Spirit   .    b - +0 scale mail
rPois   .          Reflect  .    (no helmet)
rElec   .          Harm     .    (no cloak)
rCorr   .          Rampage  .    (no gloves)
Will    .....                    (no boots) Stlth
                                 (no amulet)
HPRegen 0.28/turn                T - +4 ring of protection
MPRegen 0.10/turn                (no ring)

@: no status effects
A: no striking features
a: Renounce Religion, Fiery Armour, Foxfire Swarm, Rising Flame


You were on level 3 of the Dungeon.
You worshipped Ignis.
Ignis was extremely pleased with you.
You visited 1 branch of the dungeon, and saw 3 of its levels.

You collected 99 gold pieces.


   Skills:
 - Level 3.6 Fighting
 + Level 8.6 Axes
 - Level 3.2 Armour
 - Level 3.2 Shields


You had 5 spell levels left.
You didn't know any spells.
Your spell library contained the following spells:

 Spells                   Type           Power      Damage    Failure   Level
 Apportation              Tloc           0%         N/A       75%         1
 Necrotise                Necr           0%         1d4       75%         1
 Summon Small Mammal      Summ           0%         N/A       75%         1

Inventory:

Hand Weapons
 a - a +0 war axe (weapon)
Armour
 b - a +0 scale mail (worn)
Jewellery
 T - a +4 ring of protection (left hand)
Wands
 i - a wand of iceblast (5)
Scrolls
 f - a scroll of amnesia
 h - a scroll of fear {unknown}
 k - a scroll of enchant armour {unknown}
 m - a scroll of enchant weapon {unknown}
 n - a scroll of teleportation {unknown}
Potions
 c - a potion of lignification
 e - a potion of ambrosia {unknown}
 g - a potion of cancellation {unknown}
 j - a potion of flight
 l - 2 potions of degeneration {unknown}

Dungeon Overview and Level Annotations

Branches:
Dungeon (3/15)

Altars:
Xom
Ignis

#.......#
#.......#
#.......#
#.......#
#.......##
#.....>†.####
#......⌠....#
#...........#
###....⌠.@..#
#.........#
#....⌠....#
#........##
#.........
#$......##.
####+#### .#
.


There were no monsters in sight!


Message History

There is a dry fountain here.
You slash the worm!
The worm is almost dead.
You barely miss the worm.
The worm is almost dead.
The worm bites you.
You hit the worm but do no damage.
The worm is severely wounded.
The worm barely misses you.
You slash the worm!
You kill the worm!
No target in view!
No target in view!
No target in view!
No target in view!
No target in view!
No target in view!
No target in view!
No target in view!
No target in view!
No target in view!
No target in view!
No target in view!
No target in view!
No target in view!
There is a faded altar of an unknown god here.
This altar belongs to (a) Jiyva, (b) Beogh or (c) Ignis, but you can't tell which.
Press the corresponding letter to learn more about a god, or press enter to convert or escape to cancel.
Ignis accepts your prayer! Ignis welcomes you!
Are you sure you want to abandon this character and quit the game? (Confirm with "yes".)

Skill      XL: |  1  2  3 |
---------------+----------+-----
Axes           | 3 4 8 |  8.6
Fighting       | |  3.6
Armour         | |  3.2
Shields        | |  3.2

Action                     |  1- 3 |  4- 6 || total
---------------------------+-------+-------++-------
  Melee: War axe           |   127 |    59 ||   186
  Evoke: Wand              |       |     3 ||     3
    Use: Potion            |     1 |       ||     1
         Scroll            |       |     3 ||     3
 Armour: Scale mail        |    59 |    27 ||    86
  Dodge: Dodged            |    80 |    28 ||   108

Levels and vault maps discovered:
D:1:      saegor_arrival_simple_b, layout_basic, minmay_pentomino_u2
D:2:      layout_rooms, basic_altar, uniq_sigmund
D:3:      layout_basic, fedhas_altar_fruit_tree,
          hellmonk_ecumenical_altar_run_dry, minmay_misc_feat_four_crosses

Notes
Turn   | Place    | Note
-------+----------+-------------------------------------------
     0 | D:1      | demibob the Hill Orc Fighter began the quest for the Orb.
     0 | D:1      | Reached XP level 1. HP: 19/19 MP: 1/1
    33 | D:1      | Reached skill level 3 in Axes
   126 | D:1      | Reached XP level 2. HP: 26/26 MP: 2/2
   195 | D:1      | Reached skill level 4 in Axes
   511 | D:1      | Reached XP level 3. HP: 30/31 MP: 3/3
  1076 | D:2      | Found a shimmering altar of Xom.
  1090 | D:2      | Reached skill level 5 in Axes
  1154 | D:2      | Noticed Sigmund
  1165 | D:2      | Killed Sigmund
  1166 | D:2      | Reached skill level 8 in Axes
  1166 | D:2      | Reached XP level 4. HP: 8/39 MP: 4/4
  1166 | D:2      | Reached XP level 5. HP: 9/45 MP: 5/5
  1313 | D:2      | Reached XP level 6. HP: 51/51 MP: 6/6
  1778 | D:3      | Found a faded altar of an unknown god.
  1793 | D:3      | Prayed at the altar of an unknown god.
  1793 | D:3      | Became a worshipper of Ignis, the Dying Flame
  1794 | D:3      | Quit the game

Vanquished Creatures
  Sigmund (D:2)
  3 gnolls (D:2)
  3 adders
  A worm (D:3)
  A dart slug (D:2)
  6 ball pythons
  6 bats
  3 endoplasms
  6 giant cockroaches
  2 goblins
  9 hobgoblins
  4 jackals (D:2)
  6 kobolds
  2 quokkas (D:1)
  4 frilled lizards
  4 rats
61 creatures vanquished.

Table legend: (Time is in decaauts)
 A = Elapsed time spent in this place.
 B = Non-inter-level travel time spent in this place.
 C = Inter-level travel time spent in this place.
 D = Time resting spent in this place.
 E = Time spent auto-exploring this place.
 F = Levels seen in this place.
 G = Mean time per level.
                   A        B        C        D        E       F      G
               +--------+--------+--------+--------+--------+-----+--------+
         Total |   1833 |   1763 |     70 |     36 |   1309 |   3 |  611.0 |
       Dungeon |   1833 |   1763 |     70 |     36 |   1309 |   3 |  611.0 |
               +--------+--------+--------+--------+--------+-----+--------+

Top non-repeatable levels by time:
     D:1: 1106 daAuts
     D:2: 583 daAuts
     D:3: 143 daAuts

Table legend:
 A = Non-vault XP
 B = Vault XP
 C = Vault XP percentage of total XP
 D = Non-vault monster count
 E = Vault monster count
 F = Vault count percentage of total count
                 A         B        C        D         E       F
            +---------+---------+-------+---------+---------+-------
      Total |     171 |     251 |  59.5 |      58 |       3 |   4.9
            +---------+---------+-------+---------+---------+-------
        D:1 |      46 |       4 |   8.0 |      27 |       2 |   6.9
        D:2 |     102 |     247 |  70.8 |      26 |       1 |   3.7
        D:3 |      23 |       0 |   0.0 |       5 |       0 |   0.0
            +---------+---------+-------+---------+---------+-------
